 Dungeon Crawl Stone Soup version 0.16-a0-2059-gf848859 (webtiles) character file.

4925 smajdalf the Grappler (level 10, -4/87 (90) HPs)
             Began as a Ghoul Warper on Nov 11, 2014.
             Was a Believer of Kikubaaqudgha.
             Slain by a four-headed hydra (13 damage)
             ... on level 9 of the Dungeon.
             The game lasted 00:30:05 (10878 turns).

smajdalf the Grappler (Ghoul Warper)               Turns: 10878, Time: 00:30:06

HP:   -4/87 (90)    AC:  9    Str: 16    XL:     10   Next: 52%
MP:   0/11          EV: 12    Int: 11    God:    Kikubaaqudgha [**....]
Gold: 390           SH:  0    Dex:  8    Spells: 5 memorised, 3 levels left

rFire  . . .     SeeInvis .       - Unarmed
rCold  + + .     Clarity  .     b - +2 ring mail {rC+}
rNeg   + + +     SustAb   .     (no shield)
rPois  +         Gourm    .     g - +0 helmet
rElec  .         Spirit   +     s - +0 cloak
rCorr  .         Warding  .     (no gloves)
rMut   .         Stasis   .     (no boots)
MR     .....                    p - amulet of guardian spirit
Stlth  ..........               (no ring)
                                t - +3 ring of evasion

@: very slightly contaminated, rotting, not resistant to hostile enchantments,
extremely unstealthy
A: rotting body, claws 1, carnivore 3, cold resistance 1, negative energy
resistance 3, poison resistance, slow healing 1, torment resistance, unbreathing
a: Receive Corpses, Renounce Religion


You were on level 9 of the Dungeon.
You worshipped Kikubaaqudgha.
Kikubaaqudgha was pleased with you.
You were not hungry.

You visited 2 branches of the dungeon, and saw 10 of its levels.

You collected 390 gold pieces.

Inventory:

Missiles
 e - 4 tomahawks of dispersal
 l - 6 javelins (quivered)
 F - 2 throwing nets
Armour
 b - a +2 ring mail of cold resistance (worn)
 g - a +0 helmet (worn)
 s - a +0 cloak (worn)
Magical staves
 w - an uncursed staff of earth
Jewellery
 h - an uncursed amulet of faith
 p - an amulet of guardian spirit (around neck)
 t - a +3 ring of evasion (left claw)
Magical devices
 a - a wand of magic darts (4)
 A - a wand of frost (21)
 C - a wand of teleportation (3)
Scrolls
 d - 3 scrolls of blinking
 k - 3 scrolls of fear {unknown}
 m - a scroll of amnesia
 n - a scroll of remove curse
 q - 2 scrolls of teleportation
 r - 7 scrolls of identify
 u - a scroll of enchant weapon {unknown}
 x - a scroll of magic mapping
 y - a scroll of vulnerability {unknown}
 z - a scroll of enchant armour
 D - a scroll of torment
Potions
 i - 11 potions of curing
 B - a potion of resistance
Books
 c - a book of Spatial Translocations

   Spells                             Type                      Level
   *Apportation                       Translocation                1
   *Blink                             Translocation                2
   *Shroud of Golubria                Charms/Translocation         2
   Portal Projectile                  Translocation                3
   Teleport Other                     Translocation                3
   Passage of Golubria                Translocation                4
 o - a book of Cantrips

   Spells                             Type                      Level
   *Corona                            Hexes                        1
   Animate Skeleton                   Necromancy                   1
   Summon Small Mammal                Summoning                    1
   *Apportation                       Translocation                1
 E - Kikubaaqudgha's Disquisition on Sinister Arts
   (Kikubaaqudgha gifted it to you on level 6 of the Dungeon)

   Spells                             Type                      Level
   Animate Skeleton                   Necromancy                   1
   Pain                               Necromancy                   1
   Corpse Rot                         Necromancy                   2
   *Regeneration                      Charms/Necromancy            3
   Control Undead                     Necromancy                   4
Comestibles
 f - a royal jelly
 j - 6 meat rations


   Skills:
 - Level 8.5 Fighting
 - Level 0.8 Throwing
 - Level 0.8 Armour
 - Level 1.7 Dodging
 + Level 14.0 Unarmed Combat
 - Level 1.7 Spellcasting
 - Level 2.6 Translocations


You had 3 spell levels left.
You knew the following spells:

 Your Spells              Type           Power        Failure   Level  Hunger
a - Apportation           Tloc           #.........   14%         1    ##.....
b - Blink                 Tloc           N/A          21%         2    ###....
c - Shroud of Golubria    Chrm/Tloc      #.........   34%         2    ###....
d - Regeneration          Chrm/Necr      #.........   95%         3    ####...
e - Corona                Hex            #......      41%         1    ##.....


Dungeon Overview and Level Annotations

Branches:
Dungeon (9/15)             Temple (1/1) D:5
   Lair: D:8-11         Orc: D:9-12

Altars:
Ashenzari
Cheibriados
Dithmenos
Elyvilon
Fedhas
Gozag
Kikubaaqudgha
Makhleb
Nemelex Xobeh
Okawaru
Qazlal
Ru
Sif Muna
Trog
Vehumet
Xom
Yredelemnul
Zin
The Shining One

Shops:
D:5 }

Annotations:
D:5 shop: evocations


Innate Abilities, Weirdness & Mutations

Your body is rotting away.
You thrive on raw meat.
You have sharp fingernails.
You are carnivorous and can eat meat at any time.
Your flesh is cold resistant.
You are immune to negative energy.
Your system is resistant to poisons.
You heal slowly when monsters are visible.
You are immune to unholy pain and torment.
You can survive without breathing.


Message History

The four-headed hydra misses you. The four-headed hydra bites you!
Unknown command.
You claw the four-headed hydra!
The four-headed hydra is heavily wounded.
Unknown command.
You claw the four-headed hydra! x2
The four-headed hydra is almost dead.
The four-headed hydra bites you! x2
* * * LOW HITPOINT WARNING * * *
The four-headed hydra closely misses you. x2
Unknown command.
Casting: Blink
Confirm with . or Enter, or press ? or * to list all spells.
You miscast Blink.
You are very lightly contaminated with residual magic.
Nothing appears to happen.
The four-headed hydra bites you!
* * * LOW HITPOINT WARNING * * *
The four-headed hydra bites you!
You die...
Kikubaaqudgha rasps: "You have failed me!
Welcome... oblivion!"

...'.........###) #.....#
..##...........#'###'''##
..############.#.DPK..%.#
..# #.#P≈≈.%P..# ..#
#.#≈≈P.....# ..#
#.#P≈....%.# ..#
#.#PP≈.≈.≈.# ###
#.#####.#### #..@D÷).#
#########


You could see a four-headed hydra (bleeding).

Vanquished Creatures
  Maurice (D:8)
  The ghost of crauler the Chopper, an experienced TeGl of Okawaru (D:5)
  A two-headed ogre (D:9)
  2 yaks (D:9)
  A hungry ghost (D:9)
  Menkaure (D:4)
  A water moccasin (D:9)
  2 ice beasts (D:5)
  2 sky beasts (D:6)
  3 ogres
  4 phantoms
  Sigmund (D:3)
  3 giant frogs
  2 big kobolds (D:9)
  2 jellies
  3 scorpions
  8 killer bees
  A troll zombie (D:9)
  3 goliath beetles
  2 crimson imps
  A centaur zombie (D:9)
  2 elf zombies
  9 worker ants
  A gnoll shaman (D:6)
  6 iguanas
  An elf skeleton (D:8)
  3 orc priests
  6 orc wizards
  Natasha (thrice) (D:6)
  2 sheep (D:9)
  A crocodile skeleton (D:6)
  A hound zombie (D:8)
  A hound skeleton (D:4)
  A worker ant zombie (D:6)
  13 adders
  7 gnolls
  An orc zombie (D:6)
  A giant mite (D:3)
  3 shadow imps
  2 worms
  2 orc skeletons
  2 oozes
  25 orcs
  5 ball pythons
  A bat skeleton (D:4)
  2 giant cockroaches
  14 hobgoblins
  6 jackals
  4 quokkas
  11 bats
  6 giant newts
  15 goblins
  A hobgoblin zombie (D:6)
  15 kobolds
  15 rats
  A rat zombie (D:6)
234 creatures vanquished.

Notes
Turn   | Place    | Note
--------------------------------------------------------------
     0 | D:1      | smajdalf, the Ghoul Warper, began the quest for the Orb.
     0 | D:1      | Reached XP level 1. HP: 17/17 MP: 2/2
   182 | D:1      | Reached XP level 2. HP: 22/24 MP: 3/3
   195 | D:1      | Reached skill level 3 in Unarmed Combat
   612 | D:1      | Reached XP level 3. HP: 29/29 MP: 5/5
   814 | D:2      | Reached skill level 4 in Unarmed Combat
  1064 | D:2      | Reached XP level 4. HP: 31/35 MP: 5/5
  1650 | D:2      | Reached skill level 5 in Unarmed Combat
  1764 | D:3      | Reached XP level 5. HP: 41/41 MP: 6/6
  1956 | D:3      | Found a blossoming altar of Fedhas.
  2059 | D:3      | Noticed Sigmund
  2345 | D:3      | Killed Sigmund
  2345 | D:3      | Reached skill level 6 in Unarmed Combat
  2680 | D:3      | Reached XP level 6. HP: 45/45 MP: 8/8
  3069 | D:4      | Reached skill level 7 in Unarmed Combat
  3321 | D:4      | Found a sacrificial altar of Ru.
  3333 | D:4      | Noticed Menkaure
  3342 | D:4      | Killed Menkaure
  3342 | D:4      | Reached skill level 8 in Unarmed Combat
  3342 | D:4      | Reached XP level 7. HP: 37/55 MP: 8/8
  3454 | D:4      | HP: 2/54 [ogre/giant club (19)]
  4067 | D:4      | Found a glowing golden altar of the Shining One.
  4182 | D:4      | Reached skill level 5 in Fighting
  4415 | D:4      | Found a stormy altar of Qazlal.
  4424 | D:4      | Found a basalt altar of Yredelemnul.
  4573 | D:4      | Reached XP level 8. HP: 57/70 MP: 8/10
  4686 | D:5      | Entered Level 5 of the Dungeon
  4883 | D:5      | Found Kaveuk's Gadget Shoppe.
  4923 | D:5      | Noticed crauler's ghost (experienced TeGl)
  4965 | D:5      | Killed crauler's ghost
  5179 | D:5      | Found a staircase to the Ecumenical Temple.
  5205 | Temple   | Entered the Ecumenical Temple
  5378 | Temple   | Became a worshipper of Kikubaaqudgha
  6206 | D:5      | Reached skill level 9 in Unarmed Combat
  6291 | D:5      | Reached XP level 9. HP: 54/82 MP: 9/11
  6582 | D:6      | Noticed Natasha
  6602 | D:6      | Killed Natasha
  6687 | D:6      | Noticed Natasha
  6690 | D:6      | Killed Natasha
  6704 | D:6      | Noticed Natasha
  6709 | D:6      | Killed Natasha
  6951 | D:6      | Reached skill level 10 in Unarmed Combat
  7107 | D:6      | Acquired Kikubaaqudgha's first power
  7107 | D:6      | Received a gift from Kikubaaqudgha
  7108 | D:6      | Identified Kikubaaqudgha's Disquisition on Sinister Arts (Kikubaaqudgha gifted it to you on level 6 of the Dungeon)
  7124 | D:6      | Learned a level 2 spell: Blink
  7127 | D:6      | Learned a level 2 spell: Shroud of Golubria
  7131 | D:6      | Learned a level 3 spell: Regeneration
  7388 | D:7      | Found a radiant altar of Vehumet.
  7833 | D:7      | Reached skill level 11 in Unarmed Combat
  8674 | D:8      | Found a sparkling altar of Nemelex Xobeh.
  8674 | D:8      | Found an opulent altar of Gozag.
  8719 | D:8      | Noticed Maurice
  8737 | D:7      | Learned a level 1 spell: Corona
  8852 | D:8      | Got a faintly glowing plate armour
  8866 | D:8      | Identified the cursed -3 plate armour of the Pleiades {Slay+3} (You found it on level 8 of the Dungeon)
  8920 | D:8      | Reached skill level 12 in Unarmed Combat
  9361 | D:8      | Reached XP level 10. HP: 85/90 MP: 11/11
 10050 | D:8      | Killed Maurice
 10050 | D:8      | Reached skill level 13 in Unarmed Combat
 10544 | D:9      | Noticed a four-headed hydra
 10704 | D:9      | Acquired Kikubaaqudgha's second power
 10873 | D:9      | Reached skill level 14 in Unarmed Combat
 10878 | D:9      | Slain by a four-headed hydra

Action                   |  1- 3 |  4- 6 |  7- 9 | 10-12 || total
-------------------------+-------+-------+-------+-------++-------
Melee: Unarmed           |   104 |   198 |   564 |   155 ||  1021
Throw: Javelin           |       |     1 |    16 |       ||    17
       Tomahawk          |       |       |     1 |       ||     1
 Cast: Blink             |       |       |     3 |     1 ||     4
       Corona            |       |       |     3 |       ||     3
Evoke: Wand              |       |       |     6 |       ||     6
  Use: Potion            |       |     1 |     9 |       ||    10
       Scroll            |       |       |    12 |     1 ||    13
 Stab: Invisible         |       |       |     5 |       ||     5
  Eat: Chunk             |    13 |    18 |    55 |    16 ||   102
